 Dungeon Crawl Stone Soup version 0.31-a0-180-g519b7de00c (webtiles) character file.

Game seed: 11297587452381400073

114 qw the Chopper (level 4, 0/28 HPs)
             Began as a Gargoyle Fighter on June 19, 2023.
             Killed by divine providence
             ... invoked by an orc priest
              (12 damage)
             ... on level 3 of the Dungeon.
             The game lasted 00:01:11 (2042 turns).

qw the Chopper (Gargoyle Fighter)                   Turns: 2042, Time: 00:01:12

Health: 0/28       AC: 10    Str: 22    XL:     4   Next: 98%
Magic:  4/4        EV:  9    Int:  8    God:
Gold:   80         SH:  4    Dex:  9    Spells: 3/3 levels left

rFire   . . .        Y - +0 war axe (flame)
rCold   . . .        c - +0 buckler
rNeg    + . .        b - +0 scale mail
rPois   inf          (no helmet)
rElec   +            (no cloak)
rCorr   .            (no gloves)
SInv    .            (no boots)
Will    .....        j - amulet of the acrobat Stlth
                     (no ring)
HPRegen 0.24/turn    (no ring)
MPRegen 0.09/turn

%: acrobat
@: no status effects
A: sickness immunity, AC +3, negative energy resistance 1, electricity
resistance, torment resistance 1, petrification resistance
a: no special abilities


You were on level 3 of the Dungeon.
You visited 1 branch of the dungeon, and saw 3 of its levels.

You collected 80 gold pieces.


Innate Abilities, Weirdness & Mutations

You are immune to sickness and miasma.
Your stone body is resilient. (AC +3)
You are immune to poison.
You resist negative energy. (rN+)
You are resistant to electric shocks. (rElec)
You are resistant to unholy torment.
You are immune to petrification.


   Skills:
 - Level 3.2 Fighting
 + Level 4.5 Axes
 - Level 3.2 Armour
 - Level 3.2 Shields


You had 3 spell levels left.
You didn't know any spells.
Your spell library was empty.

Inventory:

Hand Weapons
 Y - a +0 war axe of flaming (weapon)
Armour
 b - a +0 scale mail (worn)
 c - a +0 buckler (worn)
Jewellery
 j - an amulet of the acrobat (around neck)
 k - a ring of fire
Scrolls
 i - 3 scrolls of identify
Potions
 a - 2 potions of resistance {unknown}
 d - a potion of might
 f - a potion of haste
 g - a potion of lignification {unknown}
 h - 2 potions of curing
 m - a potion of cancellation {unknown}

Dungeon Overview and Level Annotations

Branches:
Dungeon (3/15)

Altars:


Message History

You kill the frilled lizard!
Things that are here:
a +0 dagger; a frilled lizard corpse; a kobold corpse
i - 3 scrolls of identify (gained 1)
An orc comes into view. It is wielding a +0 flail.
The orc shouts!
You hear a shout! x2
Enter note:
Enter note:
2031 ||| Stepping ~*~*~tactically~*~*~ (hiding).
Enter note:
Enter note: You start waiting.
An orc is nearby!
An orc comes into view. It is wielding a +0 club.
Found a scroll of identify.
The orc shouts!
You hear a shout!
An orc priest comes into view. It is wielding a +0 falchion.
Enter note:
Enter note: You slash the orc!
You burn the orc.
You kill the orc!
2035 ||| Stepping ~*~*~tactically~*~*~ (hiding).
You start waiting.
An orc is nearby!
You barely miss the orc. The orc hits you with a +0 club.
You closely miss the orc. The orc misses you.
The orc hits you but does no damage.
You barely miss the orc priest. You barely miss the orc.
The orc priest mumbles some strange prayers to Beogh against you.
Beogh smites you!
Ouch! That really hurt!
The orc barely misses you.
You barely miss the orc priest. You slash the orc! You burn the orc.
You kill the orc!
The orc priest hits you but does no damage.
You closely miss the orc priest.
The orc priest calls down the wrath of Beogh upon you.
Beogh smites you!
You die...

.#...#... #......# #..
o.#.# #......# .?.......
#.....## ....#.#
#.....##### .o#..#
##......... ###...#
#.......<. #..#.)#
#.....>... ###..o#)##
#......... #..#..@..#
####...... #...#....##
#...... #.#........#
#......
...#.....#+#######......
.............)...#......
.##.........####.'......
............######......
###.........+...........
#.........####....<.#.


You could see an orc priest.

Vanquished Creatures
  5 adders
  2 dart slugs (D:3)
  3 orcs (D:3)
  6 endoplasms
  2 giant cockroaches
  6 goblins
  6 hobgoblins
  5 ball pythons
  5 bats
  2 frilled lizards
  11 kobolds
  11 rats
64 creatures vanquished.

Notes
Turn   | Place    | Note
-------+----------+-------------------------------------------
     0 | D:1      | qw the Gargoyle Fighter began the quest for the Orb.
     0 | D:1      | Reached XP level 1. HP: 14/14 MP: 1/1
     0 | D:1      | 0 ||| qw: Version: 0.3-a-7-ge0c9b40
     0 | D:1      | 0 ||| qw: Game counter: 1055
     0 | D:1      | 0 ||| qw: Always use a shield: true
     0 | D:1      | 0 ||| qw: God list: Okawaru
     0 | D:1      | 0 ||| qw: Allow faded altars: false
     0 | D:1      | 0 ||| qw: Do Orc after D:15 true
     0 | D:1      | 0 ||| qw: Do second Lair branch before Depths: true
     0 | D:1      | 0 ||| qw: Lair rune preference: random
     0 | D:1      | 0 ||| qw: Plans: Normal, Zot:1-4, Slime:5, God:TSO, Crypt,
                  | Tomb, Abyss, Pan, Hells, Win
     0 | D:1      | 0 ||| PLANNING D:1-11
    88 | D:1      | You fall into a shaft and drop 1 floor!
   100 | D:2      | Reached skill level 2 in Axes
   158 | D:2      | Reached XP level 2. HP: 19/19 MP: 2/2
   230 | D:2      | 230 ||| Stepping ~*~*~tactically~*~*~ (stealth).
   240 | D:2      | Reached skill level 3 in Axes
   254 | D:2      | Reached XP level 3. HP: 22/23 MP: 3/3
   276 | D:2      | 276 ||| Stepping ~*~*~tactically~*~*~ (stealth).
   422 | D:2      | 422 ||| READING 2 scrolls labelled WUCSIY WOTIPP.
   423 | D:2      | 423 ||| READING scroll of brand weapon.
   423 | D:2      | 423 ||| BRANDING +0 heavy war axe.
   424 | D:2      | 424 ||| DROPPING +0 whip.
   425 | D:2      | 425 ||| DRINKING 2 amethyst potions.
   845 | D:1      | Found a faded altar of an unknown god.
  1036 | D:1      | 1036 ||| UPGRADING to amulet of the acrobat.
  1041 | D:1      | 1041 ||| READING scroll labelled ISOD MERONINUD.
  1046 | D:1      | 1046 ||| READING 3 scrolls labelled KODOIQ ADUTASU.
  1047 | D:1      | 1047 ||| READING scroll labelled DAHIMMIFFAT.
  1048 | D:1      | 1048 ||| DRINKING 2 golden potions.
  1049 | D:1      | 1049 ||| READING 2 scrolls of identify.
  1049 | D:1      | 1049 ||| IDENTIFYING metallic grey potion
  1050 | D:1      | 1050 ||| DROPPING potion of brilliance.
  1426 | D:2      | Reached XP level 4. HP: 26/28 MP: 4/4
  1518 | D:2      | 1518 ||| READING 2 scrolls of identify.
  1518 | D:2      | 1518 ||| IDENTIFYING silvery potion
  1519 | D:2      | 1519 ||| DROPPING potion of ambrosia.
  1605 | D:3      | Reached skill level 4 in Axes
  1644 | D:3      | 1644 ||| Stepping ~*~*~tactically~*~*~ (hiding).
  1699 | D:3      | 1699 ||| FLEEEEING.
  1744 | D:3      | 1744 ||| Stepping ~*~*~tactically~*~*~ (stealth).
  1746 | D:3      | 1746 ||| Stepping ~*~*~tactically~*~*~ (stealth).
  1760 | D:3      | 1760 ||| Stepping ~*~*~tactically~*~*~ (hiding).
  1763 | D:3      | 1763 ||| Stepping ~*~*~tactically~*~*~ (hiding).
  2031 | D:3      | 2031 ||| Stepping ~*~*~tactically~*~*~ (hiding).
  2035 | D:3      | 2035 ||| Stepping ~*~*~tactically~*~*~ (hiding).
  2042 | D:3      | Killed from afar by an orc priest

Levels and vault maps discovered:
D:1:      kennysheep_arrival_forest, layout_basic,
          hellmonk_ecumenical_altar_arch_garden, amcnicky_mini_corridor_feature
D:2:      wad_crossroads, layout_basic, grunt_ministairs_7
D:3:      layout_basic, serial_shops, shop, minmay_splitting_lines,
          minmay_guardbox, uniq_crazy_yiuf_cottage

Skill      XL: |  1  2  3  4 |
---------------+-------------+-----
Axes           | 2 3 4 |  4.5
Fighting       | |  3.2
Armour         | |  3.2
Shields        | |  3.2

Action                     |  1- 3 |  4- 6 || total
---------------------------+-------+-------++-------
  Melee: War axe           |   116 |    90 ||   206
    Use: Scroll            |     6 |     1 ||     7
         Potion            |     2 |       ||     2
 Armour: Scale mail        |    64 |    41 ||   105
  Dodge: Dodged            |    35 |    39 ||    74
  Block: Buckler           |    23 |    17 ||    40

Table legend:
 A = Non-vault XP
 B = Vault XP
 C = Vault XP percentage of total XP
 D = Non-vault monster count
 E = Vault monster count
 F = Vault count percentage of total count
                 A         B        C        D         E       F
            +---------+---------+-------+---------+---------+-------
      Total |     106 |      58 |  35.4 |      46 |      18 |  28.1
            +---------+---------+-------+---------+---------+-------
        D:1 |      17 |       0 |   0.0 |      12 |       0 |   0.0
        D:2 |      57 |      21 |  26.9 |      23 |       6 |  20.7
        D:3 |      32 |      37 |  53.6 |      11 |      12 |  52.2
            +---------+---------+-------+---------+---------+-------
